 Dungeon Crawl Stone Soup version 0.30-b1-2-g02819fbbbe (webtiles) character file.

Game seed: 10389216575065512837

755 RevX99 the Carver (level 7, -6/45 HPs)
             Began as a Vampire Gladiator on May 18, 2023.
             Was a Believer of Hepliaklqana.
             Mangled by an ogre
             ... wielding a +0 giant club
              (27 damage)
             ... on level 5 of the Dungeon.
             The game lasted 00:58:23 (4467 turns).

RevX99 the Carver (Vampire Gladiator)               Turns: 4467, Time: 00:58:24

Health: -6/45      AC:  7    Str: 15    XL:     7   Next: 49%
Magic:  7/7        EV: 11    Int: 11    God:    Hepliaklqana [**....]
Gold:   137        SH:  5    Dex: 21    Spells: 6/6 levels left

rFire   . . .        a - +1 long sword
rCold   . . .        (no shield)
rNeg    . . .        i - +0 scale mail
rPois   .            c - +0 helmet
rElec   .            (no cloak)
rCorr   .            (no gloves)
SInv    +            (no boots)
Will    .....        f - amulet of reflection Stlth
                     l - +6 ring of dexterity
HPRegen 0.47/turn    (no ring)
MPRegen 0.10/turn

%: reflection
@: healing quickly
A: reduced essence, alive, fangs 3, see invisible, vampiric 2
a: Exsanguinate, Renounce Religion, Recall Ancestor, Ancestor Identity


You were on level 5 of the Dungeon.
You worshipped Hepliaklqana.
Hepliaklqana was pleased with you.
You visited 1 branch of the dungeon, and saw 5 of its levels.

You collected 137 gold pieces.


Innate Abilities, Weirdness & Mutations

Your life essence is reduced to manifest your ancestor. (-10% HP)
Your natural rate of healing is accelerated.
You have razor-sharp teeth.
You have supernaturally acute eyesight. (SInv)
You are afflicted with vampirism and can become a bat while bloodless.


   Skills:
 - Level 2.0 Fighting
 + Level 8.8 Long Blades
 - Level 1.7 Throwing
 - Level 3.4 Dodging


You had 6 spell levels left.
You didn't know any spells.
Your spell library contained the following spells:

 Spells                   Type           Power      Damage    Failure   Level
 Ozocubu's Armour         Ice            0%         N/A       99%         3
 Stone Arrow              Conj/Erth      0%         3d7       99%         3
 Animate Armour           Summ/Erth      0%         N/A       100%        4
 Ozocubu's Refrigeration  Ice            0%         4d7       100%        7
 Lehudib's Crystal Spear  Conj/Erth      0%         10d2      100%        8

Inventory:

Hand Weapons
 a - a +1 long sword (weapon)
 n - a +0 glaive of venom
 q - a +1 hand axe of draining
Missiles
 g - 3 poisoned darts (quivered)
Armour
 c - a +0 helmet (worn)
 i - a +0 scale mail (worn)
Jewellery
 e - a ring of positive energy
 f - an amulet of reflection (around neck)
 l - a +6 ring of dexterity (left hand)
Wands
 d - a wand of roots (8)
Potions
 h - a potion of attraction
 j - 2 potions of curing
 k - 2 potions of heal wounds
 m - a potion of brilliance
 o - a potion of ambrosia {unknown}
 p - a potion of mutation {unknown}
 r - 2 potions of flight {unknown}


Message History

Zolin barely misses the orc.
The orc hits Zolin with a +0 trident.
The orc hits Zolin but does no damage.
Zolin barely misses the orc.
The orc hits Zolin with a +0 trident!
You hear the hiss of a very distant avalanche of sand.
Zolin hits the orc with a +0 flail!
The orc dies!
r - 2 fuming silvery potions (gained 1)
There are no items here.
b - a +0 barding;
k - 2 potions of heal wounds (gained 1)
There are no items here.
You see here a wand of roots (8).
d - a wand of roots (8)
You see here a ring of positive energy.
e - a ring of positive energy
There are no items here.
Items here: % ))) [[.
Okay, then.
You can't wear that!
You drop a +0 barding.
The ogre shouts!
The orc shouts!
Zolin barely misses the orc.
You see here 3 gold pieces.
You now have 137 gold pieces (gained 3).
Zolin barely misses the orc.
The orc barely misses you.
The ogre closely misses Zolin.
Zolin completely misses the orc.
The ogre attacks as you move away! The ogre hits you with a +0 giant club.
Zolin hits the orc with a +0 flail!
The orc dies!
You hit the ogre but do no damage. The ogre hits you with a +0 giant club!
You completely miss the ogre. You hit the ogre.
The ogre is lightly wounded.
Zolin hits the ogre with a +0 flail!
The ogre hits you with a +0 giant club!
You barely miss the ogre.
The ogre is moderately wounded.
Zolin hits the ogre with a +0 flail.
The ogre hits you with a +0 giant club!!
Ouch! That really hurt!
You die...

#...##...##
#
#ooo#.....#
#..o#.....#
#..O#.....#
#.Y.#..8..#
#...#.....#
#..(#.....#
#...#.....#
#.(.##.@.##
#....#.O.#
#...#[R.#
#......##
#......#
#8..####
####


You could see the friendly Zolin the knight and an ogre (ally target).

Vanquished Creatures
  An ice beast (D:5)
  An ogre (D:4)
  2 hounds
  A jelly (D:4)
  An orc priest (D:4)
  Terence (D:3)
  Natasha (thrice) (D:2)
  An iguana (D:5)
  An orc wizard (D:5)
  4 adders
  A worm (D:3)
  6 dart slugs
  10 orcs
  5 ball pythons
  7 endoplasms
  5 giant cockroaches
  8 goblins
  8 hobgoblins
  5 jackals
  5 kobolds
  7 quokkas
  10 bats
  3 frilled lizards
  9 rats
105 creatures vanquished.

Vanquished Creatures (collateral kills)
  A phantom (D:4)
  2 iguanas (D:5)
  An orc wizard (D:5)
  A worm (D:4)
  4 orcs (D:5)
  An endoplasm (D:4)
  A goblin (D:4)
  2 ball pythons (D:4)
13 creatures vanquished.

Vanquished Creatures (others)
  An ancestor (D:4)
1 creature vanquished.

Grand Total: 119 creatures vanquished

Notes
Turn   | Place    | Note
-------+----------+-------------------------------------------
     0 | D:1      | RevX99 the Vampire Gladiator began the quest for the Orb.
     0 | D:1      | Reached XP level 1. HP: 16/16 MP: 1/1
   143 | D:1      | Reached XP level 2. HP: 22/22 MP: 2/2
   572 | D:1      | Gained mutation: You are afflicted with vampirism and can
                  | become a bat while bloodless. [Vampire growth]
   572 | D:1      | Reached XP level 3. HP: 27/27 MP: 3/3
   955 | D:2      | Reached skill level 4 in Long Blades
   980 | D:2      | Found Cociss's Armour Shoppe.
   980 | D:2      | Noticed Terence
  1010 | D:3      | Killed Terence
  1110 | D:2      | Noticed Natasha
  1118 | D:2      | Killed Natasha
  1119 | D:2      | Reached XP level 4. HP: 22/33 MP: 4/4
  1225 | D:2      | Reached skill level 5 in Long Blades
  1586 | D:2      | Noticed Natasha
  1598 | D:2      | Killed Natasha
  1602 | D:2      | Reached XP level 5. HP: 24/38 MP: 5/5
  1913 | D:2      | Noticed Natasha
  1920 | D:2      | Killed Natasha
  2201 | D:3      | Found a hazy altar of Hepliaklqana.
  2246 | D:3      | Became a worshipper of Hepliaklqana the Forgotten
  2249 | D:3      | Found a radiant altar of Vehumet.
  2431 | D:3      | Reached skill level 6 in Long Blades
  3412 | D:4      | Reached * piety under Hepliaklqana
  3440 | D:4      | Reached XP level 6. HP: 39/39 MP: 6/6
  3599 | D:4      | Reached skill level 7 in Long Blades
  4039 | D:4      | HP: 5/39 [ogre/+0 giant club (16)]
  4198 | D:4      | Reached XP level 7. HP: 45/45 MP: 7/7
  4230 | D:5      | Entered Level 5 of the Dungeon
  4330 | D:5      | Reached skill level 8 in Long Blades
  4362 | D:5      | Reached ** piety under Hepliaklqana
  4397 | D:5      | Remembered your ancestor Zolin as a knight
  4467 | D:5      | Mangled by an ogre

Levels and vault maps discovered:
D:1:      dpeg_arrival_leaves_temple_mockup, layout_basic, serial_curves,
          eino_curves_01, eino_curves_02, eino_curves_02, eino_curves_03,
          st_stairs_6, minmay_split_cup_large
D:2:      layout_basic, serial_shops, shop, serial_corexii_hall,
          chequers_hall_statues_y, corexii_hall_statues_l,
          chequers_hall_statues_y, chequers_hall_statues_wall_a,
          corexii_hall_statues_x, chequers_hall_statues_corner_a, uniq_terence,
          uniq_natasha
D:3:      minmay_octagon_keep, layout_loops_corners,
          mainiacjoe_overflow_large_starburst
D:4:      layout_cave_pods
D:5:      kennysheep_spiral_hall, layout_basic, temple_doors_cd, enter_ossuary_5

Action                     |  1- 3 |  4- 6 |  7- 9 || total
---------------------------+-------+-------+-------++-------
  Melee: Long sword        |    75 |   154 |    23 ||   252
         Bite              |     5 |    12 |     3 ||    20
         Punch             |     3 |       |       ||     3
  Throw: Javelin           |       |     6 |     1 ||     7
         Throwing net      |       |     2 |     1 ||     3
         Dart              |       |       |     1 ||     1
 Invoke: Ancestor Identity |       |     1 |       ||     1
         Recall Ancestor   |       |       |     1 ||     1
         Ancestor Life: Kn |       |       |     1 ||     1
  Evoke: Wand              |       |    10 |       ||    10
    Use: Scroll            |     4 |     6 |     1 ||    11
         Potion            |     1 |     1 |       ||     2
   Stab: Distracted        |       |     1 |       ||     1
 Armour: Leather armour    |    26 |       |       ||    26
         Scale mail        |       |    51 |     5 ||    56
  Dodge: Dodged            |    65 |    72 |    12 ||   149
  Block: Other             |       |    33 |     7 ||    40
         Reflection        |       |     5 |       ||     5
